 Dungeon Crawl Stone Soup version 0.31-a0-532-g28f74ba3e5 (webtiles) character file.

Game seed: 3780292565792986939

519 Shayle the Ruffian (level 7, 0/74 HPs)
             Began as an Ogre Shapeshifter on Aug 12, 2023.
             Slain by a sky beast (5 damage)
             ... on level 4 of the Dungeon.
             The game lasted 00:06:17 (3124 turns).

Shayle the Ruffian (Ogre Shapeshifter)              Turns: 3124, Time: 00:06:18

Health: 0/74       AC:  3    Str: 26    XL:     7   Next: 21%
Magic:  7/7        EV:  9    Int: 11    God:
Gold:   81         SH:  0    Dex:  9    Spells: 6/6 levels left

rFire   . . .        b - +2 spear (heavy)
rCold   . . .        (no shield)
rNeg    . . .        a - +0 animal skin
rPois   .            (helmet currently unavailable)
rElec   .            (cloak currently unavailable)
rCorr   .            (gloves unavailable)
SInv    .            (boots unavailable)
Will    .....        (no amulet)
Stlth   +            o - +6 ring of strength
HPRegen 0.32/turn    (no ring)
MPRegen 0.10/turn

%: no passive effects
@: beast-form
A: beast (slay +2), large, unfitting armour, tough skin 1
a: Begin Untransformation


You were on level 4 of the Dungeon.
You were a hulking beast.
You visited 1 branch of the dungeon, and saw 4 of its levels.

You collected 159 gold pieces.
You spent 78 gold pieces at shops.

Inventory:

Hand Weapons
 b - a +2 heavy spear (weapon)
Armour
 a - a +0 animal skin (worn)
Jewellery
 o - a +6 ring of strength (left hand)
Talismans
 c - a beast talisman (active)
 d - a flux talisman
Scrolls
 e - a scroll of vulnerability
 g - 2 scrolls of fear
 h - 4 scrolls of immolation
 l - a scroll of summoning {unknown}
 m - a scroll of fog
 n - 2 scrolls of amnesia
 p - a scroll of noise {unknown}
Potions
 i - 2 potions of haste
 j - a potion of brilliance


   Skills:
 + Level 5.6 Fighting
 - Level 1.7 Dodging
 * Level 6.1 Unarmed Combat
 - Level 3.0 Shapeshifting


You had 6 spell levels left.
You didn't know any spells.
Your spell library contained the following spells:

 Spells                   Type           Power      Damage    Failure   Level
 Portal Projectile        Hex/Tloc       0%         N/A       71%         3
 Tukima's Dance           Hex            0%         N/A       71%         3
 Iskenderun's Mystic Bla  Conj/Tloc      0%         2d3       98%         4


Dungeon Overview and Level Annotations

Branches:
Dungeon (4/15)
 Temple: D:4-7

Altars:
Qazlal

Shops:
D:2 **

Annotations:
D:3 1 runed translucent door, Crazy Yiuf, Robin


Innate Abilities, Weirdness & Mutations

You are a hulking beast.
Your limbs bulge with bestial killing power. (Slay +2)
You are too large for most types of armour.
You have tough skin. (AC +1)


Message History

Found a club and a ring mail.
Found a stormy altar of Qazlal.
The sky beast flickers out of sight!
Deactivating autopickup; reactivate with Ctrl-A.
The sky beast moves out of view.
The goblin shouts!
You hear a shout!
You hit the goblin.
You kill the goblin!
Something hits you but does no damage. Something hits you but does no damage.
You barely miss something. Something hits you. Something shocks you.
Something hits you but does no damage.
You miss something. Something hits you. Something shocks you.
You hit something. Something hits you. Something shocks you.
Something hits you but does no damage.
You miss something.
A goblin comes into view. It is wielding a +0 club.
Something hits you. Something shocks you.
Something hits you but does no damage.
The goblin moves out of view.
You closely miss something. Something hits you. Something shocks you.
You closely miss something. Something hits you. Something shocks you.
Something hits you but does no damage.
You puncture something! Something hits you. Something shocks you.
* * * LOW HITPOINT WARNING * * *
Something hits you.
* * * LOW HITPOINT WARNING * * *
Something shocks you.
* * * LOW HITPOINT WARNING * * *
You hit something. Your punch misses something. Something hits you.
* * * LOW HITPOINT WARNING * * *
Something shocks you.
* * * LOW HITPOINT WARNING * * *
You feel better. Something hits you.
* * * LOW HITPOINT WARNING * * *
Something shocks you.
* * * LOW HITPOINT WARNING * * *
Okay, then.
It was a potion of cancellation.
You feel magically purged. Something hits you.
* * * LOW HITPOINT WARNING * * *
Something shocks you.
You die...

##..#... ...#
#..#.... ...#
#....._. ...#
#..#.[.. #...#
....#...#..#.#
.....#.#)..#.#
#......)..#.#
###.#...###.#
#......{h.#
#########.# #.# #.#
#################.#
..................#
###################


There were no monsters in sight!

Vanquished Creatures
  Grinder (D:4)
  A scorpion (D:4)
  A hound (D:4)
  An orc priest (D:2)
  An iguana (D:4)
  An orc wizard (D:3)
  4 adders (D:2)
  A gnoll (D:1)
  A white imp (D:4)
  A dart slug (D:4)
  12 orcs
  8 endoplasms
  A giant cockroach (D:1)
  7 goblins
  8 hobgoblins
  11 jackals
  5 quokkas
  4 ball pythons
  3 bats
  6 frilled lizards
  2 kobolds
  7 rats
87 creatures vanquished.

Notes
Turn   | Place    | Note
-------+----------+-------------------------------------------
     0 | D:1      | Shayle the Ogre Shapeshifter began the quest for the Orb.
     0 | D:1      | Reached XP level 1. HP: 19/19 MP: 1/1
    62 | D:1      | Reached skill level 3 in Unarmed Combat
    73 | D:1      | Reached XP level 2. HP: 25/28 MP: 2/2
   274 | D:1      | Reached XP level 3. HP: 36/36 MP: 3/3
   750 | D:2      | Reached XP level 4. HP: 40/45 MP: 4/4
   771 | D:2      | Reached skill level 4 in Unarmed Combat
  1026 | D:2      | Found Duotek's Assorted Antiques.
  1036 | D:2      | Bought a scroll labelled ECHALO KYMO for 27 gold pieces
  1036 | D:2      | Bought a fuming black potion for 24 gold pieces
  1036 | D:2      | Bought a scroll labelled QIAJACS RADEO for 27 gold pieces
  1101 | D:2      | Found Tackeb's Assorted Antiques.
  1569 | D:2      | Reached XP level 5. HP: 17/54 MP: 5/5
  2033 | D:3      | Noticed Robin
  2146 | D:4      | Reached skill level 5 in Unarmed Combat
  2146 | D:4      | Reached XP level 6. HP: 41/63 MP: 6/6
  2372 | D:4      | Noticed Grinder
  2381 | D:4      | Killed Grinder
  2382 | D:4      | Reached skill level 5 in Fighting
  2382 | D:4      | Reached skill level 6 in Unarmed Combat
  2382 | D:4      | Reached XP level 7. HP: 16/72 MP: 7/7
  2784 | D:3      | Found a runed translucent door.
  2785 | D:3      | Noticed Crazy Yiuf
  3107 | D:4      | Found a stormy altar of Qazlal.
  3122 | D:4      | HP: 3/74 [something (6)]
  3124 | D:4      | Slain by a sky beast

Illustrated notes

Levels and vault maps discovered:
D:1:      spicycebolla_arrival_ecumenical, layout_basic, minmay_heptomino_d4
D:2:      layout_rooms, serial_forest, infiniplex_forest_clump_medium,
          infiniplex_forest_straight_2, infiniplex_forest_clump_small,
          infiniplex_forest_lined_2, infiniplex_forest_fountain, serial_shops,
          nicolae_shop_waterfront, nicolae_shop_just_a_little_nook,
          chequers_decorated_corner
D:3:      layout_rooms, guppyfry_early_orc_mine, uniq_robin,
          uniq_crazy_yiuf_cottage
D:4:      layout_basic, nicolae_qazlal_beasts_of_the_sky, uniq_grinder

Skill      XL: |  1  2  3  4  5  6 |
---------------+-------------------+-----
Unarmed Combat | 3 4 5 6 |  6.1
Fighting       | 2 3 4 5 |  5.6
Dodging        | |  1.7
Shapeshifting  | |  3.0

Action                     |  1- 3 |  4- 6 |  7- 9 || total
---------------------------+-------+-------+-------++-------
  Melee: Unarmed           |    25 |       |       ||    25
         Spear             |    59 |   112 |    22 ||   193
         Punch             |       |       |     1 ||     1
    Use: Potion            |     1 |     1 |     2 ||     4
         Scroll            |       |     8 |       ||     8
 Armour: Animal skin       |    36 |    44 |     7 ||    87
         Skin              |     5 |       |       ||     5
  Dodge: Dodged            |    50 |    75 |    11 ||   136

Table legend: (Time is in decaauts)
 A = Elapsed time spent in this place.
 B = Non-inter-level travel time spent in this place.
 C = Inter-level travel time spent in this place.
 D = Time resting spent in this place.
 E = Time spent auto-exploring this place.
 F = Levels seen in this place.
 G = Mean time per level.
                   A        B        C        D        E       F      G
               +--------+--------+--------+--------+--------+-----+--------+
         Total |   3249 |   3158 |     91 |    598 |   1825 |   4 |  812.2 |
       Dungeon |   3249 |   3158 |     91 |    598 |   1825 |   4 |  812.2 |
               +--------+--------+--------+--------+--------+-----+--------+

Top non-repeatable levels by time:
     D:2: 1024 daAuts
     D:4: 886 daAuts
     D:1: 709 daAuts
     D:3: 628 daAuts
